 Dungeon Crawl Stone Soup version 0.30-a0-867-g305f33218d (webtiles) character file.

Game seed: 4931272323640612446

289 Grim the Cleaver (level 6, 0/76 HPs)
             Began as a Minotaur Berserker on Mar 10, 2023.
             Was a Believer of Trog.
             Slain by an ogre
             ... wielding a +0 giant club
              (10 damage)
             ... on level 4 of the Dungeon.
             The game lasted 00:03:58 (2893 turns).

Grim the Cleaver (Minotaur Berserker)               Turns: 2893, Time: 00:04:00

Health: 0/76       AC: 11    Str: 23    XL:     6   Next: 9%
Magic:  5/5        EV:  8    Int:  4    God:    Trog [**....]
Gold:   273        SH:  0    Dex: 10    Spells: 5/5 levels left

rFire   . . .      SeeInvis .    a - +0 hand axe
rCold   . . .      Faith    +    (no shield)
rNeg    . . .      Spirit   .    l - +0 chain mail
rPois   .          Reflect  .    (helmet restricted)
rElec   .          Rampage  .    j - +0 cloak
rCorr   .                        e - +0 pair of gloves
Will    .....                    (no boots) Stlth
                                 q - amulet of faith
HPRegen 0.32/turn                o - +4 ring of slaying
MPRegen 0.09/turn                (no ring)

@: berserking, very quick
A: horns 2, retaliatory headbutt
a: Renounce Religion, Berserk, Trog's Hand


You were on level 4 of the Dungeon.
You worshipped Trog.
Trog was pleased with you.
You visited 1 branch of the dungeon, and saw 4 of its levels.

You collected 273 gold pieces.

Inventory:

Hand Weapons
 a - a +0 hand axe (weapon)
Missiles
 p - 7 poisoned darts (quivered)
Armour
 b - a +0 animal skin
 e - a +0 pair of gloves (worn)
 j - a +0 cloak (worn)
 l - a +0 chain mail (worn)
Jewellery
 o - a +4 ring of slaying (left hand)
 q - an amulet of faith (around neck)
Wands
 t - a wand of flame (17)
Scrolls
 c - 4 scrolls of identify {unknown}
 d - a scroll of brand weapon {unknown}
 k - a scroll of blinking {unknown}
 s - a scroll of amnesia {unknown}
 u - a scroll of silence {unknown}
Potions
 f - 2 potions of flight {unknown}
 g - a potion of attraction {unknown}
 h - 3 potions of curing {unknown}
 i - a potion of heal wounds {unknown}
 m - a potion of invisibility {unknown}
 n - a potion of might {unknown}
 r - a potion of berserk rage {unknown}


   Skills:
 - Level 3.6 Fighting
 + Level 8.3 Axes
 - Level 2.4 Armour
 - Level 2.1 Dodging


You had 5 spell levels left.
You didn't know any spells.
Your spell library was empty.

Dungeon Overview and Level Annotations

Branches:
Dungeon (4/15)
 Temple: D:4-7

Altars:
Fedhas
Zin
The Shining One


Innate Abilities, Weirdness & Mutations

You have a pair of horns on your head.
You reflexively headbutt those who attack you in melee.


Message History

You are exhausted.
You feel yourself slow down.
You start resting.
You feel yourself speed up.
You start resting.
You recover from your berserk rage.
You start resting.
HP restored.
f - 2 brown potions (gained 1)
Found a ring mail.
You now have 273 gold pieces (gained 14).
A hobgoblin comes into view.
The hobgoblin shouts!
The hobgoblin moves out of view.
An ogre comes into view. It is wielding a +0 giant club.
The ogre shouts!
There are monsters nearby!
The hobgoblin misses you. You furiously retaliate!
You headbutt the hobgoblin!
You kill the hobgoblin!
Trog accepts your kill.
A ball python comes into view.
Found a leather armour.
The ball python hisses angrily.
The ogre hits you with a +0 giant club!
You slash the ogre!
The ogre is moderately wounded.
An iguana comes into view.
The ogre hits you with a +0 giant club!!
Ouch! That really hurt!
* * * LOW HITPOINT WARNING * * *
The iguana hisses angrily.
A red film seems to cover your vision as you go berserk!
You feel yourself moving faster!
You feel mighty!
You slash the ogre!
The ogre is almost dead.
You slash the ball python!
You kill the ball python!
Trog accepts your kill. The ogre hits you with a +0 giant club!
You die...

#..............#
#.........#.#..#
#........##.##.####.
#........##.##.#....
#...............)#
#.#.###.........#.#..###
.....................#
#..#####...######.####
#.@O.......# #.†.######
#..## l..# ....# [##..#
#. ...# # #.##


You could see an ogre and an iguana.

Vanquished Creatures
  An ogre (D:4)
  A hound (D:4)
  2 iguanas
  2 adders
  4 gnolls (D:2)
  A worm (D:2)
  2 dart slugs
  7 endoplasms
  4 giant cockroaches
  4 goblins
  5 hobgoblins
  5 jackals
  7 kobolds
  2 quokkas
  5 ball pythons
  4 bats
  3 frilled lizards
  4 rats
63 creatures vanquished.

Vanquished Creatures (others)
  5 plants
5 creatures vanquished.

Grand Total: 68 creatures vanquished

Notes
Turn   | Place    | Note
-------+----------+-------------------------------------------
     0 | D:1      | Grim the Minotaur Berserker began the quest for the Orb.
     0 | D:1      | Reached XP level 1. HP: 19/19 MP: 0/0
    73 | D:1      | Reached skill level 4 in Axes
    95 | D:1      | Reached XP level 2. HP: 18/26 MP: 1/1
   158 | D:1      | Found a faded altar of an unknown god.
   275 | D:1      | Reached skill level 5 in Axes
   379 | D:1      | Reached XP level 3. HP: 31/31 MP: 2/2
   766 | D:2      | Reached skill level 6 in Axes
   766 | D:2      | Reached XP level 4. HP: 39/39 MP: 3/3
  1462 | D:2      | Reached ** piety under Trog
  1887 | D:3      | Found a glowing silver altar of Zin.
  1977 | D:3      | Found a blossoming altar of Fedhas.
  2707 | D:4      | Reached XP level 5. HP: 45/45 MP: 4/4
  2749 | D:4      | Found a glowing golden altar of the Shining One.
  2764 | D:4      | Reached skill level 7 in Axes
  2814 | D:4      | Noticed an ogre
  2819 | D:4      | Killed an ogre
  2820 | D:4      | Reached skill level 8 in Axes
  2820 | D:4      | Reached XP level 6. HP: 51/51 MP: 5/5
  2893 | D:4      | Slain by an ogre

Illustrated notes

Levels and vault maps discovered:
D:1:      ebering_trefoil_3fold, layout_loops_cross,
          ebering_ecumenical_altar_sacrificial
D:2:      layout_loops_ring, serial_bayou, serial_bayou_pond_c,
          serial_bayou_pond_c, serial_bayou_pond_d, serial_bayou_pond_c,
          serial_bayou_crossing, serial_bayou_shore_a, wad_floor_pattern_1,
          grunt_ministairs_3
D:3:      layout_basic, zin_scriptorium, fedhas_altar_2,
          chequers_serial_rivers_micro_d, minmay_crystal_water
D:4:      layout_loops_cross, tso_oasis_becter, mainiacjoe_overflow_big_doors,
          kennysheep_orc_chapel

Skill      XL: |  1  2  3  4  5 |
---------------+----------------+-----
Axes           | 4 5 6 8 |  8.3
Fighting       | |  3.6
Armour         | |  2.4
Dodging        | |  2.1

Action                     |  1- 3 |  4- 6 || total
---------------------------+-------+-------++-------
  Melee: Hand axe          |    60 |    53 ||   113
         Headbutt          |     7 |     8 ||    15
         Punch             |       |     1 ||     1
  Throw: Dart              |       |     8 ||     8
 Invoke: Berserk           |     2 |     2 ||     4
 Armour: Animal skin       |    12 |    15 ||    27
         Chain mail        |       |     4 ||     4
  Dodge: Dodged            |    49 |    33 ||    82

Table legend: (Time is in decaauts)
 A = Elapsed time spent in this place.
 B = Non-inter-level travel time spent in this place.
 C = Inter-level travel time spent in this place.
 D = Time resting spent in this place.
 E = Time spent auto-exploring this place.
 F = Levels seen in this place.
 G = Mean time per level.
                   A        B        C        D        E       F      G
               +--------+--------+--------+--------+--------+-----+--------+
         Total |   2967 |   2897 |     70 |    298 |   2226 |   4 |  741.8 |
       Dungeon |   2967 |   2897 |     70 |    298 |   2226 |   4 |  741.8 |
               +--------+--------+--------+--------+--------+-----+--------+

Top non-repeatable levels by time:
     D:2: 1061 daAuts
     D:3: 983 daAuts
     D:1: 720 daAuts
     D:4: 201 daAuts
